12 | 0:01 | Probe (Chrono Boost) | |
13 | 0:11 | Probe (Chrono Boost) | |
14 | 0:20 | Pylon | |
14 | 0:22 | Probe (Chrono Boost) | |
15 | 0:38 | Probe (Chrono Boost) | |
16 | 0:49 | Probe (Chrono Boost) | |
17 | 0:51 | Gateway | |
17 | 1:13 | Probe (Chrono Boost), Nexus | |
18 | 1:29 | Pylon | |
18 | 1:31 | Assimilator | |
18 | 1:38 | Zealot | |
18 | 1:43 | Cybernetics Core | |
18 | 1:44 | Probe (Chrono Boost) | |
21 | 1:55 | Probe (Chrono Boost) | |
22 | 2:07 | Probe (Chrono Boost), Gateway | |
23 | 2:15 | Assimilator | |
23 | 2:18 | Stalker | |
23 | 2:22 | Pylon | |
25 | 2:24 | Probe (Chrono Boost) | |
26 | 2:36 | Warp Gate | |
26 | 2:37 | Probe (Chrono Boost) | |
27 | 2:40 | Probe (Chrono Boost) | |
28 | 2:46 | Adept | |
28 | 2:48 | Probe (Chrono Boost) | |
32 | 2:52 | Probe (Chrono Boost) | |
32 | 2:59 | Probe (Chrono Boost) | |
32 | 3:03 | Probe (Chrono Boost) | |
34 | 3:09 | Gateway | |
34 | 3:11 | Probe (Chrono Boost) | |
35 | 3:14 | Probe (Chrono Boost), Zealot | |
38 | 3:26 | Adept | |
40 | 3:38 | Adept | |
42 | 3:45 | Pylon | |
42 | 3:51 | Sentry | |
42 | 3:54 | Assimilator | |
44 | 4:00 | Assimilator | |
44 | 4:02 | Stalker | |
44 | 4:05 | Probe (Chrono Boost) | |
44 | 4:09 | Probe (Chrono Boost) | |
48 | 4:14 | Stalker | |
48 | 4:16 | Probe (Chrono Boost) | |
51 | 4:18 | Forge | |
52 | 4:24 | Probe (Chrono Boost) | |
52 | 4:31 | Pylon | |
52 | 4:34 | Stargate | |
52 | 4:41 | Probe (Chrono Boost) | |
52 | 4:43 | Probe (Chrono Boost) | |
52 | 4:45 | Protoss Ground Weapons Level 1 | |
54 | 4:52 | Probe (Chrono Boost) | |
55 | 4:54 | Probe (Chrono Boost) | |
55 | 4:59 | Zealot | |
58 | 5:03 | Probe (Chrono Boost) | |
58 | 5:07 | Probe (Chrono Boost), Pylon | |
60 | 5:13 | Zealot | |
63 | 5:14 | Probe (Chrono Boost) | |
63 | 5:18 | Probe (Chrono Boost) | |
64 | 5:25 | Adept | |
64 | 5:26 | Probe (Chrono Boost) | |
68 | 5:29 | Probe (Chrono Boost) | |
68 | 5:31 | Pylon | |
68 | 5:35 | Void Ray | |
68 | 5:38 | Probe (Chrono Boost) | |
68 | 5:40 | Probe (Chrono Boost) | |
74 | 5:49 | Adept | |
77 | 5:51 | Probe (Chrono Boost) | |
77 | 5:53 | Probe (Chrono Boost) | |
77 | 5:55 | Pylon | |
78 | 6:01 | Adept | |
78 | 6:02 | Probe (Chrono Boost) | |
81 | 6:12 | Probe (Chrono Boost) | |
81 | 6:13 | Adept | |
81 | 6:14 | Probe (Chrono Boost) | |
81 | 6:15 | Pylon | |
75 | 6:23 | Probe (Chrono Boost) | |
75 | 6:24 | Stalker | |
64 | 6:26 | Mothership Core (Chrono Boost) | |
64 | 6:32 | Void Ray, Protoss Ground Armor Level 1 | |
40 | 6:47 | Sentry | |
43 | 6:54 | Probe (Chrono Boost) | |
43 | 6:59 | Stalker | |
43 | 7:00 | Probe (Chrono Boost) | |
46 | 7:05 | Probe (Chrono Boost) | |
47 | 7:11 | Probe (Chrono Boost), Zealot | |
50 | 7:17 | Probe (Chrono Boost) | |
52 | 7:22 | Probe (Chrono Boost) | |
52 | 7:23 | Zealot | |
52 | 7:28 | Probe (Chrono Boost) | |
55 | 7:34 | Probe (Chrono Boost) | |
55 | 7:35 | Zealot | |
58 | 7:39 | Probe (Chrono Boost) | |
59 | 7:46 | Probe (Chrono Boost) | |
59 | 7:47 | Adept | |
59 | 7:50 | Probe (Chrono Boost) | |
63 | 7:57 | Probe (Chrono Boost) | |
64 | 8:00 | Adept | |
64 | 8:02 | Probe (Chrono Boost) | |
67 | 8:09 | Probe (Chrono Boost) | |
67 | 8:12 | Zealot | |
71 | 8:13 | Probe (Chrono Boost) | |
72 | 8:20 | Probe (Chrono Boost) | |
72 | 8:24 | Adept, Probe (Chrono Boost) | |
75 | 8:31 | Probe (Chrono Boost) | |
76 | 8:36 | Adept, Probe (Chrono Boost) | |
76 | 8:39 | Pylon | |
79 | 8:43 | Probe (Chrono Boost) | |
79 | 8:47 | Robotics Facility | |
81 | 8:48 | Probe (Chrono Boost), Adept | |
84 | 8:55 | Probe (Chrono Boost) | |
84 | 8:59 | Probe (Chrono Boost) | |
84 | 9:00 | Adept | |
84 | 9:02 | Void Ray | |
87 | 9:03 | Pylon | |
87 | 9:06 | Probe (Chrono Boost) | |
87 | 9:09 | Photon Cannon | |
88 | 9:12 | Sentry | |
88 | 9:14 | Photon Cannon | |
90 | 9:19 | Gateway, Nexus | |
90 | 9:22 | Stalker | |
91 | 9:32 | Stalker | |
91 | 9:34 | Observer | |
94 | 9:39 | Stargate | |
94 | 9:42 | Stalker | |
96 | 9:46 | Robotics Facility | |
96 | 9:52 | Stalker | |
92 | 9:53 | Observer | |
91 | 10:02 | Stalker | |
74 | 10:10 | Warp Prism | |
74 | 10:12 | Gateway | |
71 | 10:15 | Twilight Council | |
65 | 10:27 | Warp Prism | |
63 | 10:35 | Stargate | |
65 | 10:41 | Immortal | |
69 | 10:51 | Zealot | |
71 | 10:57 | Templar Archives | |
71 | 10:59 | Warp Prism | |
71 | 11:01 | Sentry | |
75 | 11:17 | Robotics Bay | |
75 | 11:18 | Observer | |
76 | 11:32 | Immortal | |
76 | 11:35 | Oracle | |
76 | 11:36 | Protoss Ground Weapons Level 2 | |
84 | 11:40 | Probe (Chrono Boost) | |
84 | 11:41 | High Templar | |
84 | 11:43 | Probe (Chrono Boost) | |
84 | 11:44 | Probe (Chrono Boost) | |
88 | 11:51 | High Templar | |
88 | 11:52 | Probe (Chrono Boost), Nexus | |
91 | 12:00 | Colossus | |
97 | 12:17 | Probe (Chrono Boost) | |
97 | 12:19 | Probe (Chrono Boost) | |
97 | 12:20 | Probe (Chrono Boost) | |
100 | 12:29 | Probe (Chrono Boost) | |
102 | 12:30 | Probe (Chrono Boost) | |
102 | 12:32 | Probe (Chrono Boost) | |
103 | 12:40 | Probe (Chrono Boost) | |
104 | 12:45 | Probe (Chrono Boost) | |
104 | 12:46 | Observer Gravitic Boosters | |
104 | 12:48 | Probe (Chrono Boost) | |
104 | 12:50 | Protoss Air Weapons Level 1 | |
104 | 12:51 | Probe (Chrono Boost) | |
107 | 12:56 | Probe (Chrono Boost) | |
110 | 13:05 | Probe (Chrono Boost) | |
110 | 13:06 | Probe (Chrono Boost) | |
110 | 13:08 | Probe (Chrono Boost) | |
110 | 13:09 | Probe (Chrono Boost) | |
110 | 13:11 | Adept | |
114 | 13:16 | Adept | |
114 | 13:18 | Phoenix | |
116 | 13:24 | Adept | |
114 | 13:29 | Zealot | |
114 | 13:33 | Sentry | |
116 | 13:36 | Disruptor | |
116 | 13:37 | Assimilator | |
116 | 13:40 | Gravitic Drive | |
111 | 13:42 | Protoss Shields Level 1, Zealot | |
111 | 13:43 | Assimilator | |
111 | 13:46 | Zealot | |
103 | 13:51 | Stalker | |
103 | 13:54 | Assimilator | |
103 | 13:55 | Stalker | |
105 | 13:59 | Adept | |
105 | 14:01 | Immortal | |
107 | 14:03 | Assimilator | |
107 | 14:08 | Adept | |
113 | 14:12 | Adept | |
113 | 14:13 | Pylon | |
113 | 14:14 | Resonating Glaives | |
113 | 14:16 | Adept | |
117 | 14:21 | Stalker | |
119 | 14:25 | Stalker | |
119 | 14:29 | Sentry | |
123 | 14:31 | Immortal | |
123 | 14:33 | Protoss Air Armor Level 1, Pylon | |
123 | 14:37 | Phoenix | |
129 | 14:39 | Disruptor | |
132 | 14:47 | High Templar | |
132 | 14:51 | High Templar | |
136 | 15:11 | Archon | |
136 | 15:12 | High Templar | |
138 | 15:16 | High Templar | |
138 | 15:20 | Pylon | |
140 | 15:23 | Protoss Ground Weapons Level 3 | |
140 | 15:24 | Psionic Storm | |
140 | 15:32 | Photon Cannon | |
140 | 15:37 | Photon Cannon | |
140 | 15:38 | Pylon | |
140 | 15:42 | Pylon | |
140 | 15:46 | Fleet Beacon | |
140 | 15:49 | Forge | |
140 | 16:03 | Photon Cannon | |
140 | 16:05 | Photon Cannon | |
140 | 16:11 | Protoss Shields Level 2 | |
140 | 16:17 | Protoss Air Weapons Level 2 | |
140 | 16:24 | Carrier, Graviton Catapult | |
140 | 16:28 | Nexus | |
146 | 16:58 | Zealot | |
148 | 17:05 | Sentry | |
150 | 17:09 | Stalker | |
150 | 17:14 | Stalker | |
154 | 17:19 | Sentry | |
156 | 17:23 | Sentry | |
156 | 17:28 | Sentry | |
144 | 17:32 | Zealot | |
144 | 17:34 | Tempest | |
126 | 17:41 | Zealot | |
126 | 17:45 | Zealot | |
126 | 17:48 | Assimilator | |
126 | 17:50 | Protoss Ground Armor Level 2, Sentry | |
128 | 17:51 | Pylon | |
128 | 17:54 | Stalker, Assimilator | |
130 | 17:58 | High Templar | |
130 | 18:01 | Pylon, Immortal | |
136 | 18:07 | Zealot | |
136 | 18:10 | Protoss Shields Level 3 | |
136 | 18:11 | Sentry | |
140 | 18:15 | Stalker, Blink | |
140 | 18:17 | Protoss Air Weapons Level 3 | |
142 | 18:20 | Stalker | |
142 | 18:22 | Photon Cannon | |
142 | 18:26 | Photon Cannon, High Templar | |
146 | 18:39 | Archon, High Templar | |
148 | 18:44 | High Templar | |
150 | 19:06 | Archon | |
150 | 19:07 | High Templar | |
152 | 19:14 | High Templar | |
154 | 19:28 | Archon | |
154 | 19:39 | High Templar | |
156 | 19:45 | High Templar | |
156 | 19:50 | Protoss Ground Armor Level 3 | |
158 | 20:10 | Dark Shrine | |
158 | 20:38 | Protoss Air Armor Level 2 | |
158 | 20:48 | Nexus | |
158 | 20:49 | Adept | |
160 | 20:52 | Zealot | |
160 | 20:54 | Zealot | |
154 | 20:58 | Stalker | |
154 | 21:01 | Stalker | |
154 | 21:02 | Probe x2 (Chrono Boost) | |
144 | 21:08 | Zealot | |
144 | 21:10 | Stalker | |
148 | 21:14 | Zealot | |
150 | 21:20 | Zealot | |
150 | 21:23 | Zealot | |
154 | 21:27 | Stalker | |
154 | 21:31 | Zealot | |
158 | 21:33 | Stalker | |
158 | 21:38 | Adept | |
162 | 22:06 | Zealot | |
158 | 22:09 | Zealot | |
158 | 22:14 | Adept | |
154 | 22:15 | Assimilator | |
154 | 22:17 | Pylon | |
154 | 22:19 | Pylon | |
154 | 22:21 | Assimilator | |
154 | 22:38 | Protoss Air Armor Level 3 | |
154 | 22:41 | Photon Cannon | |
154 | 22:44 | Photon Cannon | |
154 | 23:33 | Colossus, Extended Thermal Lance | |
154 | 23:41 | Carrier | |
160 | 23:42 | Colossus | |
166 | 23:53 | Adept | |
164 | 23:58 | Adept | |
164 | 24:02 | Zealot | |
154 | 24:06 | Zealot | |
150 | 24:11 | Zealot | |
150 | 24:15 | Zealot | |
150 | 24:19 | Stalker | |
150 | 24:24 | Sentry | |
154 | 24:28 | Sentry | |
153 | 24:53 | Stalker | |
153 | 24:57 | Stalker | |
151 | 25:01 | Stalker | |
153 | 25:14 | Nexus | |